 Dungeon Crawl Stone Soup version 0.26.1-11-gd32895ea62 (webtiles) character file.

Game seed: 15278663251372033124

35 ubername the Magician (level 3, -5/24 HPs)
             Began as a Barachi Hedge Wizard on June 24, 2021.
             Slain by a worm (10 damage)
             ... on level 2 of the Dungeon.
             The game lasted 00:03:50 (1757 turns).

ubername the Magician (Barachi Hedge Wizard)        Turns: 1757, Time: 00:03:51

Health: -5/24      AC:  2    Str: 11    XL:     3   Next: 35%
Magic:  1/8        EV: 12    Int: 15    God:
Gold:   25         SH:  0    Dex: 11    Spells: 6/10 levels left

rFire    . . .     SeeInvis .   a - +1 dagger
rCold    . . .     Faith    .   (no shield)
rNeg     . . .     Spirit   .   b - +0 robe
rPois    .         Reflect  .   c - +0 hat
rElec    .         Harm     .   (no cloak)
rCorr    .         Rampage  .   (no gloves)
Will     .....                  (no boots)
Stlth    ++........             (no amulet)
HPRegen  0.08/turn              (no ring)
MPRegen  0.11/turn              (no ring)

@: slow
A: +LOS, swims, slowness 1, strong legs 1
a: Hop


You were on level 2 of the Dungeon.
You visited 1 branch of the dungeon, and saw 2 of its levels.

You collected 25 gold pieces.

Inventory:

Hand Weapons
 a - a +1 dagger (weapon)
Missiles
 e - 61 stones (quivered)
 k - 11 sling bullets
Armour
 b - a +0 robe (worn)
 c - a +0 hat (worn)
 d - a scarf of resistance
 f - a +0 pair of gloves
 q - a +1 pair of gloves
Scrolls
 g - 2 scrolls of teleportation
 i - a scroll of identify {unknown}
 n - a scroll of magic mapping {unknown}
 o - a scroll of amnesia {unknown}
 p - a scroll of remove curse {unknown}
Potions
 h - 3 potions of cancellation {unknown}
 j - a potion of flight {unknown}
 l - a potion of magic {unknown}
 m - 3 potions of heal wounds {unknown}


   Skills:
 + Level 0.1 Short Blades
 + Level 1.1 Throwing
 + Level 2.4 Dodging
 + Level 1.9 Stealth
 + Level 4.0 Spellcasting
 + Level 1.1 Conjurations
 + Level 1.2 Summonings
 + Level 1.1 Translocations


You had 6 spell levels left.
You knew the following spells:

 Your Spells              Type           Power        Failure   Level
a - Magic Dart            Conj           24%          11%         1
b - Mephitic Cloud        Conj/Pois/Air  4%           43%         3

Your spell library contained the following spells:

 Spells                   Type           Power        Failure   Level
 Blink                    Tloc           N/A          17%         2
 Call Imp                 Summ           6%           17%         2
 Slow                     Hex            3%           26%         2
 Conjure Flame            Conj/Fire      4%           38%         3


Dungeon Overview and Level Annotations

Branches:
Dungeon (2/15)

Altars:


Innate Abilities, Weirdness & Mutations

You can be seen from farther away. (+LOS)
You can swim through water.
You cover ground slowly.
You can hop short distances.


Message History

The worm is heavily wounded.
You hit the worm.
The worm is heavily wounded.
The worm barely misses you.
You hit the worm.
The worm is severely wounded.
The worm bites you!
* * * LOW HITPOINT WARNING * * *
You hit the worm.
The worm is almost dead.
Your magical contamination has completely faded away.
Casting: Magic Dart (safe; 11% risk of failure)
Confirm with . or Enter, or press ? or * to list all spells.
Aiming: Magic Dart (safe; 11% risk of failure)
Press: ? - help, Shift-Dir - straight line, f/p - worm
Aim: a worm (severely wounded, 0% to evade)
The magic dart hits the worm.
The worm is almost dead.
The worm bites you!
You die...

...# ...### .....
#... ###.# ##...#
###### ##....#
.......#.....##
......(.w@..<.#
.(...............#
...............#.#
...............# ..
...............# #
#..
................#
...
...................
..
.............?...###
..
........##.......#


You could see a worm.

Vanquished Creatures
  A dart slug (D:1)
  3 leopard geckos (D:1)
  4 bats
  2 giant cockroaches
  3 goblins (D:1)
  2 hobgoblins (D:1)
  3 frilled lizards (D:1)
  5 kobolds (D:1)
  6 rats (D:1)
29 creatures vanquished.

Notes
Turn   | Place    | Note
-------+----------+-------------------------------------------
     0 | D:1      | ubername the Barachi Hedge Wizard began the quest for the
                  | Orb.
     0 | D:1      | Reached XP level 1. HP: 13/13 MP: 4/4
   299 | D:1      | Reached XP level 2. HP: 14/19 MP: 2/6
  1034 | D:1      | Reached XP level 3. HP: 24/24 MP: 5/8
  1420 | D:1      | Reached skill level 4 in Spellcasting
  1504 | D:1      | Reached skill level 1 in Throwing
  1647 | D:1      | Learned a level 3 spell: Mephitic Cloud
  1757 | D:2      | Slain by a worm

Illustrated notes

Levels and vault maps discovered:
D:1:      amcnicky_arrival_abandoned_market, layout_loops_ring,
          amethyst_killhole
D:2:      layout_rooms, bloody_makhleb

Skill      XL: |  1  2  3 |
---------------+----------+-----
Spellcasting   | 4 |  4.0
Throwing       | 1 |  1.1
Short Blades   | |  0.1
Dodging        | |  2.4
Stealth        | |  1.9
Conjurations   | |  1.1
Summonings     | |  1.2
Translocations | |  1.1

Action                   || total
-------------------------++-------
Melee: Dagger            ||    41
Throw: Javelin           ||    25
       Stone             ||     7
 Cast: Magic Dart        ||    36
  Use: Scroll            ||     2
Armor: Robe              ||     6
Dodge: Dodged            ||    37
